 Dungeon Crawl Stone Soup version 0.24.0-13-gcf9b319 (webtiles) character file.

Game seed: 16474100138656578714, levelgen mode: deterministic

3047 Fang the Fighter (level 9, 0/59 HPs)
             Began as a Gargoyle Berserker on Nov 15, 2019.
             Was an Elder of Trog.
             Slain by a killer bee (1 damage)
             ... on level 7 of the Dungeon.
             The game lasted 00:06:56 (7824 turns).

Fang the Fighter (Gargoyle Berserker)               Turns: 7824, Time: 00:06:57

Health: 0/59       AC: 17    Str: 24    XL:     9   Next: 87%
Magic:  9/9        EV: 10    Int:  8    God:    Trog [****..]
Gold:   295        SH:  0    Dex:  9    Spells: 8/8 levels left

rFire    . . .     SeeInvis .   a - +0 hand axe
rCold    . . .     Gourm    .   (no shield)
rNeg     + . .     Faith    .   b - +0 chain mail
rPois    ∞         Spirit   .   (no helmet)
rElec    +         Reflect  .   (no cloak)
rCorr    .         Harm     .   (no gloves)
MR       .....                  (no boots)
Stlth    ..........             (no amulet)
HPRegen  0.19/turn              h - ring of flight
MPRegen  0.11/turn              (no ring)

@: berserk cooldown, starving
A: negative energy resistance 1, electricity resistance, unbreathing,
petrification resistance, rot immunity, AC +6
a: Berserk, Trog's Hand, Brothers in Arms, Renounce Religion, Evoke Flight


You were on level 7 of the Dungeon.
You worshipped Trog.
Trog was greatly pleased with you.
You were starving.

You visited 2 branches of the dungeon, and saw 8 of its levels.

You collected 295 gold pieces.

Inventory:

Hand Weapons
 a - a +0 hand axe (weapon)
Armour
 b - a +0 chain mail (worn)
Jewellery
 h - a ring of flight (left hand)
 i - a +4 ring of strength {unknown}
Wands
 j - a wand of acid (3)
 r - a wand of iceblast (14)
 v - a wand of flame (15)
 C - a wand of scattershot (6)
Scrolls
 f - 2 scrolls of fear {unknown}
 k - a scroll of teleportation {unknown}
 l - 2 scrolls of blinking {unknown}
 m - 2 scrolls of random uselessness {unknown}
 n - 6 scrolls of identify {unknown}
 q - 3 scrolls of enchant weapon {unknown}
 s - 2 scrolls of remove curse {unknown}
 y - a scroll of fog {unknown}
 A - 2 scrolls of amnesia {unknown}
Potions
 d - 2 potions of flight {unknown}
 e - 5 potions of curing {unknown}
 g - 3 potions of lignification {unknown}
 o - a potion of magic {unknown}
 p - a potion of might {unknown}
 t - 2 potions of invisibility {unknown}
 u - a potion of heal wounds {unknown}
 w - a potion of agility
 x - a potion of berserk rage {unknown}
 z - 2 potions of degeneration {unknown}
Comestibles
 c - 10 rations


   Skills:
 + Level 8.0 Fighting
 + Level 6.7 Axes
 + Level 7.6 Armour
 + Level 5.8 Dodging


You had 8 spell levels left.
You didn't know any spells.
Your spell library was empty.

Dungeon Overview and Level Annotations

Branches:
Dungeon (7/15)             Temple (1/1) D:4

Altars:
Ashenzari
Cheibriados
Dithmenos
Okawaru
Sif Muna
Xom

Shops:
D:5 ?


Innate Abilities, Weirdness & Mutations

You are resistant to torment.
Your stone body is resilient. (AC +6)
You are immune to poison.
You resist negative energy. (rN+)
You are resistant to electric shocks. (rElec)
You can survive without breathing.
You are immune to petrification.
You are immune to rotting.


Message History

The killer bee closely misses you.
You barely miss the killer bee.
The killer bee is severely wounded.
The killer bee stings you but does no damage.
The killer bee stings you.
* * * LOW HITPOINT WARNING * * *
You barely miss the killer bee.
The killer bee is severely wounded.
The killer bee stings you.
* * * LOW HITPOINT WARNING * * *
The killer bee stings you.
* * * LOW HITPOINT WARNING * * *
You closely miss the killer bee.
The killer bee is severely wounded.
The killer bee barely misses you.
The killer bee stings you but does no damage.
You barely miss the killer bee.
The killer bee is severely wounded.
The killer bee stings you.
You die...

########################
....Zyy@...............#
#######################.####
#..............# #.#
#.############.# #.# #.# #.#
#.# #.# #.# #.# #.# #.# #.#
#.# #.# #.# #.# #.########.#


You could see 2 killer bees and a water moccasin skeleton.

Vanquished Creatures
  The ghost of Nazgul the Skirmisher, an amateur MiFi (D:3)
  A hippogriff (D:3)
  Sigmund (D:2)
  A wyvern (D:6)
  Eustachio (D:6)
  Duvessa (D:4)
  2 ice beasts (D:6)
  A black bear (D:7)
  A phantom (D:6)
  2 sky beasts (D:6)
  2 ogres (D:4)
  A centaur (D:6)
  A bullfrog (D:4)
  Dowan (D:4)
  3 scorpions
  3 killer bees (D:7)
  5 crimson imps
  A hound (D:6)
  Crazy Yiuf (D:2)
  A bullfrog zombie (D:3)
  An orc priest (D:4)
  A gnoll shaman (D:4)
  3 orc wizards
  A bullfrog skeleton (D:6)
  An iguana (D:4)
  Terence (D:2)
  A worker ant (D:6)
  A hound skeleton (D:5)
  12 gnolls
  12 adders
  3 shadow imps
  3 worms
  5 dart slugs
  3 leopard geckos
  14 orcs
  5 bats
  6 giant cockroaches
  5 goblins
  5 hobgoblins
  11 jackals
  6 kobolds
  5 quokkas
  9 frilled lizards
  A leopard gecko skeleton (D:4)
  11 rats
157 creatures vanquished.

Notes
Turn   | Place    | Note
-------+----------+-------------------------------------------
     0 | D:1      | Fang the Gargoyle Berserker began the quest for the Orb.
     0 | D:1      | Reached XP level 1. HP: 14/14 MP: 1/1
   505 | D:1      | Reached XP level 2. HP: 15/19 MP: 2/2
  1092 | D:2      | Noticed Sigmund
  1445 | D:2      | Noticed Terence
  1454 | D:2      | Killed Terence
  1454 | D:2      | Reached XP level 3. HP: 14/24 MP: 3/3
  1540 | D:2      | HP: 1/36 [worm (7)]
  1543 | D:2      | Reached XP level 4. HP: 1/29 MP: 4/4
  2008 | D:2      | Reached ** piety under Trog
  2008 | D:2      | Reached skill level 4 in Fighting
  2037 | D:2      | Killed Sigmund
  2037 | D:2      | Reached XP level 5. HP: 34/34 MP: 5/5
  2037 | D:2      | Reached XP level 6. HP: 39/39 MP: 6/6
  2139 | D:2      | Found a runed translucent door.
  2140 | D:2      | Noticed Crazy Yiuf
  2921 | D:2      | Paralysed by Crazy Yiuf for 2 turns
  2928 | D:2      | Killed Crazy Yiuf
  2984 | D:3      | Found a shadowy altar of Dithmenos.
  3057 | D:3      | Noticed a hippogriff
  3159 | D:3      | Found a transporter.
  3172 | D:3      | Noticed Nazgul's ghost (amateur MiFi)
  3200 | D:3      | Found a transporter.
  3804 | D:3      | Killed a hippogriff
  3804 | D:3      | Reached *** piety under Trog
  3804 | D:3      | Reached skill level 5 in Fighting
  3804 | D:3      | Reached XP level 7. HP: 35/44 MP: 7/7
  4122 | D:3      | Killed Nazgul's ghost
  4122 | D:3      | Reached skill level 5 in Armour
  4260 | D:4      | Found an iron altar of Okawaru.
  4402 | D:4      | Found a snail-covered altar of Cheibriados.
  4440 | D:4      | Reached XP level 8. HP: 41/51 MP: 8/8
  4456 | D:4      | Reached skill level 5 in Axes
  4560 | D:4      | Found a staircase to the Ecumenical Temple.
  4572 | D:4      | Reached skill level 6 in Fighting
  4578 | Temple   | Entered the Ecumenical Temple
  5231 | D:4      | Noticed Duvessa
  5232 | D:4      | Noticed Dowan
  5269 | D:4      | Killed Duvessa
  5271 | D:4      | Killed Dowan
  5615 | D:5      | Entered Level 5 of the Dungeon
  5808 | D:5      | Found a shattered altar of Ashenzari.
  6056 | D:5      | Reached XP level 9. HP: 56/56 MP: 9/9
  6057 | D:5      | Reached **** piety under Trog
  6059 | D:5      | Reached skill level 7 in Fighting
  6136 | D:5      | Found a shimmering altar of Xom.
  6480 | D:5      | Found Okiaser's Magic Scroll Boutique.
  6518 | D:6      | Reached skill level 5 in Dodging
  6702 | D:6      | Noticed Eustachio
  6714 | D:6      | Killed Eustachio
  6786 | D:6      | Found a shimmering blue altar of Sif Muna.
  7784 | D:7      | Reached skill level 8 in Fighting
  7822 | D:7      | HP: 1/59 [killer bee (6)]
  7824 | D:7      | Slain by a killer bee

Levels and vault maps discovered:
D:1:      giann_forest_graveyard, layout_loops_corners, minivault_25
D:2:      layout_rooms, serial_co_window_serial, co_window_of_opportunity_a,
          co_window_paths_b, co_window_corner_a, co_window_paths_b,
          co_window_paths_a, co_window_corner_a, co_window_corner_a,
          co_window_corner_ca, co_window_paths_c, co_window_of_opportunity_b,
          co_window_corner_cb, co_window_paths_c, co_window_4corner_a,
          minmay_misc_feat_iff, uniq_terence, uniq_crazy_yiuf_cottage,
          uniq_sigmund
D:3:      layout_basic, nicolae_dithmenos_shadow_blocks, first_ration,
          gammafunk_ghost_arena
D:4:      layout_basic, marbit_many_paths, minmay_temple_entry_arrows,
          cheibriados_altar_1, uniq_duvessa
D:5:      layout_loops_corners, led_xom_imps, ashenzari_altar_1, serial_shops,
          nicolae_shop_behind_doors
D:6:      layout_rooms, basic_altar, uniq_eustachio
D:7:      wander_guarded_unrand_ratskin, layout_basic,
          nicolae_overflow_crystal_walls, lemuel_coloured_pillars_altar,
          grunt_livestock, nicolae_alphabet_shops
Temple:   regret_index_temple_generic_petals

Skill      XL: |  1  2  3  4  5  6  7  8  9 |
---------------+----------------------------+-----
Axes           | 3 4 5 6 |  6.7
Dodging        | 2 3 4 5 |  5.8
Armour         | 3 4 5 6 7 |  7.6
Fighting       | 4 5 6 8 |  8.0

Action                   |  1- 3 |  4- 6 |  7- 9 || total
-------------------------+-------+-------+-------++-------
Melee: Hand axe          |    66 |   173 |   485 ||   724
Invok: Berserk           |     2 |     4 |    10 ||    16
       Trog's Hand       |       |       |     1 ||     1
 Stab: Sleeping          |     2 |     1 |       ||     3
       Distracted        |       |     1 |       ||     1
  Eat: Chunk             |     3 |    11 |    18 ||    32
       Ration            |       |       |     1 ||     1
Armor: Animal skin       |    20 |    75 |    41 ||   136
       Chain mail        |       |       |   233 ||   233
Dodge: Dodged            |    39 |   149 |   288 ||   476
